cohdb
Replays
Latest Replays
All Replays
Popular Replays
Top Player Replays
Match Explorer
How It Works
Community
CoH3 Stats
Reddit
Sign in to upload your games and track your stats! →
Sign in with Steam
Match 41223833
Unlisted
Match 41223833
Overview
Messages
Build Orders
End
Engineer Squad
Construct Barracks
Selects Heavy Weapons
Riflemen Squad
M1 Mortar Team
Scout Squad
Riflemen Squad
Construct Weapon Support Center
M1 Mortar Team
M1919 Machine Gun Team
Selects M2HB .50cal Heavy Machine Gun
Selects Assault Carriers
Selects Exchangeable Parts
Bazooka Squad
Mechanized Support Center
M3 Assault Carrier
M3 Assault Carrier
.30 cal Machine Gun
M3 Assault Carrier
Designate Forward Repair Station
Selects Gallant Stand
Selects Black Dragon Artillery Barrage
Black Dragon Artillery Barrage
.30 cal Machine Gun
Construct Tank Depot
M1 Mortar Team
M4A1 Sherman Medium Tank
M4A1 76mm Conversion
Crentist
bearskill123
Gravey
Kitasan
Major Max Moon
Lorenheim von Erschöpft
computerplayer66
김문상
0
0
Comments
sign in to comment!
No comments posted yet!